 Dungeon Crawl Stone Soup version 0.19.5 (webtiles) character file.

32248 JeffiDaFish the Protected (level 13, 0/86 HPs)
             Began as a Gargoyle Fighter on Mar 24, 2017.
             Was the Champion of Okawaru.
             Slain by a catoblepas (18 damage)
             ... on level 4 of the Lair of Beasts.
             The game lasted 00:37:14 (15660 turns).

JeffiDaFish the Protected (Gargoyle Fighter)       Turns: 15660, Time: 00:37:14

Health: 0/86       AC: 32    Str: 20      XL:     13   Next: 63%
Magic:  17/17      EV:  7    Int:  9 (12) God:    Okawaru [******]
Gold:   1504       SH: 18    Dex: 14 (17) Spells: 1 memorised, 9 levels left

rFire  . . .     SeeInvis +     C - +8 mace of the Disturbing Songs {crush, Int+2 Dex+4}
rCold  . . .     Gourm    .     r - +0 plate armour
rNeg   + . .     Faith    .     c - +0 shield
rPois  ∞         Spirit   .     i - +0 helmet
rElec  +         Reflect  +     o - +2 cloak {+Inv}
rCorr  +         Harm     .     (no gloves)
MR     .....                    b - +1 pair of boots
Stlth  ..........               J - +5 amulet of reflection
                                u - ring of see invisible
                                n - ring of resist corrosion

@: no status effects
A: negative energy resistance 1, electricity resistance, unbreathing,
petrification resistance, rot immunity, AC +9
a: Heroism, Finesse, Renounce Religion, Evoke Invisibility


You were on level 4 of the Lair of Beasts.
You worshipped Okawaru.
Okawaru was exalted by your worship.
You were not hungry.

You visited 3 branches of the dungeon, and saw 16 of its levels.
You also visited: Ice Cave.

You collected 1504 gold pieces.

Inventory:

Hand Weapons
 A - a +5 morningstar of draining
 C - the +8 mace of the Disturbing Songs (weapon) {crush, Int+2 Dex+4}
   (You found it on level 11 of the Dungeon)

   It inflicts extra damage upon your enemies.
   It affects your intelligence (+2).
   It affects your dexterity (+4).
 H - the +8 storm bow {elec}
   (Okawaru gifted it to you on level 2 of the Lair of Beasts)

   It charges the ammunition it shoots with electricity; occasionally upon a
   hit, such missiles may discharge and cause terrible harm.
Missiles
 I - 39 arrows
Armour
 b - a +1 pair of boots (worn)
 c - a +0 shield (worn)
 i - a +0 helmet (worn)
 o - a +2 cloak of invisibility (worn)
 r - a +0 plate armour (worn)
Jewellery
 n - a ring of resist corrosion (left hand)
 u - a ring of see invisible (right hand)
 J - a +5 amulet of reflection (around neck)
Wands
 F - a wand of acid (5/15)
 G - a wand of heal wounds (6/9)
Scrolls
 e - 13 scrolls of identify
 g - 5 scrolls of remove curse
 l - 4 scrolls of fog
 v - 4 scrolls of recharging
 x - 4 scrolls of teleportation
 y - 2 scrolls of fear
Potions
 a - a potion of ambrosia
 d - 2 potions of might
 p - 3 potions of agility
 s - 3 potions of haste
 w - a potion of curing
 z - a potion of resistance
 B - 2 potions of brilliance
 D - 2 potions of heal wounds
 K - a potion of magic
Books
 h - a book of Misfortune

   Spells                             Type                      Level
   a - Confusing Touch                Hexes                        1
   b - Confuse                        Hexes                        3
   c - Gell's Gravitas                Hexes/Translocation          3
   d - Petrify                        Transmutation/Earth          4
   e - Metabolic Englaciation         Hexes/Ice                    5
   f - Yara's Violent Unravelling     Hexes/Transmutation          5
Comestibles
 f - 12 bread rations
 j - 14 meat rations
 k - 5 chunks of flesh
 m - 19 fruits
 q - 6 beef jerkies
 t - 9 slices of pizza
 E - a royal jelly


   Skills:
 * Level 12.0 Fighting
 * Level 11.0 Maces & Flails
 * Level 12.5 Armour
 - Level 1.0 Dodging
 - Level 0.2 Stealth
 * Level 12.1 Shields
 + Level 6.5 Evocations


You had 9 spell levels left.
You knew the following spells:

 Your Spells              Type           Power        Failure   Level  Hunger
a - Confuse               Hex            #.......     100%        3    ####...


Dungeon Overview and Level Annotations

Branches:
Dungeon (11/15)            Temple (1/1) D:6            Lair (4/6) D:11
  Swamp (0/4) Lair:4       Spider (0/4) Lair:3          Orc (0/2) D:9

Altars:
Ashenzari
Cheibriados
Dithmenos
Elyvilon
Fedhas
Gozag
Hepliaklqana
Kikubaaqudgha
Makhleb
Nemelex Xobeh
Okawaru
Qazlal
Ru
Sif Muna
Trog
Uskayaw
Vehumet
Xom
Yredelemnul
Zin
The Shining One
Beogh

Shops:
D:10 ((

Annotations:
D:9 exclusion: obsidian statue


Innate Abilities, Weirdness & Mutations

You are resistant to torment.
Your stone body is resilient. (AC +9)
You are immune to poison.
You resist negative energy. (rN+)
You are resistant to electric shocks. (rElec)
You can survive without breathing.
You are immune to petrification.
You are immune to rotting.


Message History

The death yak is heavily wounded.
The death yak gores you! You block the yak's attack.
You completely miss the death yak.
The death yak is heavily wounded.
You block the death yak's attack. The yak barely misses you.
You sock the death yak!
The death yak is severely wounded.
You block the catoblepas's attack. The death yak gores you!
* * * LOW HITPOINT WARNING * * *
The yak snorts and paws the ground.
The yak gores you.
* * * LOW HITPOINT WARNING * * *
The plant is no longer petrified.
You hit the catoblepas but do no damage.
The catoblepas is severely wounded.
The death yak gores you but does no damage.
You hit the catoblepas but do no damage.
The catoblepas is severely wounded.
The catoblepas gores you!!
You die...

........................
......................##
......................P#
........................
.................#......
...................<.#.
........♣♣...P......♣♣
.......♣ ♣♣♣..PPYYP♣♣
.......♣♣..P....@Y.♣
......PP♣♣...........♣
......P....P.P.....P.PP.
.†)........P.≈≈≈.....PP.
.)..........≈≈≈≈≈≈...♣♣P
........P...≈≈≈≈≈≈...%♣
..............≈≈≈...♣♣♣
#.......P...P...PP...
#.##......


You could see a death yak, a catoblepas and a yak.

Vanquished Creatures
  Snorg (D:10)
  2 ice dragons (IceCv)
  A centaur warrior (D:11)
  4 hydras
  Fannar (D:11)
  Urug (Lair:4)
  Sonja (D:11)
  Nergalle (D:11)
  An unseen horror (D:11)
  2 hill giants
  A cyclops (D:10)
  Maurice (D:11)
  2 ice statues (IceCv)
  Joseph (D:7)
  The ghost of NeverLocke the Slasher, a novice DsMo of Ru (D:5)
  4 spiny frogs
  2 rime drakes (IceCv)
  4 komodo dragons
  2 trolls
  Grinder (D:5)
  A jumping spider (Lair:3)
  A two-headed ogre (D:10)
  11 blink frogs
  5 hippogriffs
  2 redbacks (Lair:3)
  3 basilisks
  5 wyverns
  A wraith (D:11)
  A human (D:7)
  13 yaks
  4 hogs (D:7)
  3 hungry ghosts
  Menkaure (D:5)
  3 wargs (D:9)
  8 water moccasins
  2 hell hounds (D:11)
  3 porcupines
  4 sky beasts
  A necrophage (D:7)
  14 ice beasts (IceCv)
  2 black bears (D:8)
  4 orc warriors
  3 phantoms
  An ogre (D:4)
  9 centaurs
  8 crocodiles
  8 bullfrogs
  2 big kobolds (D:9)
  Blork the orc (D:4)
  2 scorpions
  8 killer bees (D:7)
  12 wights
  An electric eel (Lair:3)
  7 howler monkeys
  6 crimson imps
  A centaur zombie (D:9)
  A bullfrog zombie (D:6)
  10 hounds
  2 jellies
  18 orc wizards
  4 quasits
  A bullfrog skeleton (D:9)
  7 orc priests
  Crazy Yiuf (D:2)
  A centaur skeleton (D:9)
  An iron imp (D:8)
  An iguana (D:7)
  10 worker ants
  A hound zombie (D:6)
  2 hound skeletons
  A worker ant zombie (D:7)
  3 gnolls (D:5)
  12 adders
  A shadow imp (D:10)
  12 white imps (D:11)
  An ooze (D:2)
  2 adder skeletons
  2 worms (D:3)
  A dart slug (D:2)
  8 leopard geckos
  51 orcs
  2 ball pythons
  6 giant cockroaches
  3 goblins
  8 hobgoblins
  13 jackals
  4 quokkas
  11 bats
  5 frilled lizards
  A jackal skeleton (D:5)
  9 kobolds
  A leopard gecko skeleton (D:7)
  A quokka zombie (D:9)
  7 rats
420 creatures vanquished.

Vanquished Creatures (others)
  A kobold (D:9)
  A plant (Lair:4)
2 creatures vanquished.

Grand Total: 422 creatures vanquished

Notes
Turn   | Place    | Note
-------+----------+-------------------------------------------
     0 | D:1      | JeffiDaFish the Gargoyle Fighter began the quest for the Orb.
     0 | D:1      | Reached XP level 1. HP: 14/14 MP: 1/1
   465 | D:1      | Reached XP level 2. HP: 16/19 MP: 2/2
   977 | D:2      | Reached XP level 3. HP: 16/23 MP: 3/3
  1019 | D:2      | Found a faded altar of an unknown god.
  1176 | D:2      | Found a shattered altar of Ashenzari.
  1240 | D:2      | Found a runed door.
  1244 | D:2      | Noticed Crazy Yiuf
  1257 | D:2      | Killed Crazy Yiuf
  1257 | D:2      | Reached XP level 4. HP: 18/28 MP: 4/4
  1399 | D:2      | Reached skill level 1 in Dodging
  1704 | D:3      | Noticed a phantom
  1710 | D:3      | Reached XP level 5. HP: 19/33 MP: 5/5
  1835 | D:2      | Killed a phantom
  1964 | D:3      | Reached XP level 6. HP: 30/38 MP: 6/6
  2231 | D:3      | Found a white marble altar of Elyvilon.
  2758 | D:4      | Reached skill level 1 in Evocations
  2915 | D:4      | Found a shadowy altar of Dithmenos.
  2929 | D:4      | Reached skill level 5 in Shields
  2954 | D:4      | Noticed Blork the orc
  2966 | D:4      | Killed Blork the orc
  2966 | D:4      | Reached XP level 7. HP: 39/44 MP: 7/7
  2976 | D:4      | Reached skill level 5 in Armour
  3455 | D:4      | Reached skill level 5 in Fighting
  3725 | D:5      | Entered Level 5 of the Dungeon
  3754 | D:5      | Noticed NeverLocke's ghost (novice DsMo)
  3772 | D:5      | Noticed Grinder
  3782 | D:5      | Killed NeverLocke's ghost
  3782 | D:5      | Reached XP level 8. HP: 34/50 MP: 9/9
  3795 | D:5      | Noticed Menkaure
  3799 | D:5      | Paralysed by Grinder for 7 turns
  3806 | D:5      | Killed Grinder
  3806 | D:5      | Reached skill level 5 in Maces & Flails
  3809 | D:5      | Killed Menkaure
  4012 | D:5      | Found a hazy altar of Hepliaklqana.
  4837 | D:6      | Reached XP level 9. HP: 52/56 MP: 11/11
  4997 | D:6      | Found a shadowy altar of Dithmenos.
  5079 | D:6      | Found a staircase to the Ecumenical Temple.
  5085 | Temple   | Entered the Ecumenical Temple
  5169 | Temple   | Became a worshipper of Warmaster Okawaru
  5653 | D:7      | Reached * piety under Okawaru
  5783 | D:7      | Reached XP level 10. HP: 17/63 MP: 12/12
  5832 | D:7      | Reached ** piety under Okawaru
  6187 | D:7      | Found a sacrificial altar of Ru.
  6278 | D:7      | Noticed Joseph
  6299 | D:7      | Killed Joseph
  6474 | D:7      | Gained mutation: You possess an exceptional clarity of mind. [potion of beneficial mutation]
  6888 | D:8      | Lost mutation: You possess an exceptional clarity of mind. [potion of cure mutation]
  7243 | D:8      | Found a runed door.
  7453 | D:8      | Found a roughly hewn altar of Beogh.
  7656 | D:8      | Found a burning altar of Makhleb.
  7943 | D:9      | Reached *** piety under Okawaru
  8193 | D:9      | Learned a level 3 spell: Confuse
  8198 | D:9      | Found a staircase to the Orcish Mines.
  8236 | D:9      | Reached XP level 11. HP: 65/69 MP: 14/14
  8270 | D:9      | Noticed an obsidian statue
  8288 | D:9      | Noticed a sixfirhy
  8928 | D:10     | Entered Level 10 of the Dungeon
  8928 | D:10     | Found Qikuetz's Weapon Shop.
  8928 | D:10     | Found Ade Addo's Weapon Shoppe.
  8932 | D:10     | Noticed a cyclops
  8933 | D:10     | Reached **** piety under Okawaru
  8947 | D:10     | Killed a cyclops
  9100 | D:10     | Noticed a hill giant
  9108 | D:10     | Killed a hill giant
  9108 | D:10     | Reached ***** piety under Okawaru
  9135 | D:10     | Noticed Snorg
  9147 | D:10     | Killed Snorg
  9147 | D:10     | Received a gift from Okawaru
  9147 | D:10     | Reached skill level 10 in Armour
  9681 | D:10     | Found a shadowy altar of Dithmenos.
  9771 | D:11     | Noticed Maurice
  9775 | D:11     | Reached skill level 10 in Shields
  9847 | D:11     | Killed Maurice
  9919 | D:11     | Noticed Sonja
 10007 | D:11     | Found a staircase to the Lair.
 10133 | D:11     | Noticed Fannar
 10194 | D:11     | Killed Fannar
 10194 | D:11     | Reached skill level 10 in Fighting
 10194 | D:11     | Reached skill level 5 in Evocations
 10274 | D:11     | Reached XP level 12. HP: 19/77 MP: 15/15
 10375 | D:11     | Got a brightly glowing mace
 10376 | D:11     | Identified the +8 mace of the Disturbing Songs {crush, Int+2 Dex+4} (You found it on level 11 of the Dungeon)
 10743 | D:11     | Killed Sonja
 10959 | D:11     | Noticed a centaur warrior
 10975 | D:11     | Killed a centaur warrior
 10975 | D:11     | Reached ****** piety under Okawaru
 11145 | D:11     | Received a gift from Okawaru
 11172 | D:11     | Noticed Nergalle
 11194 | D:11     | Killed Nergalle
 11404 | Lair:1   | Entered Level 1 of the Lair of Beasts
 11414 | Lair:1   | Reached skill level 10 in Maces & Flails
 11723 | Lair:1   | Noticed a seven-headed hydra
 11734 | Lair:1   | Killed a seven-headed hydra
 12904 | Lair:2   | Noticed a four-headed hydra
 12919 | Lair:2   | Killed a four-headed hydra
 12919 | Lair:2   | Received a gift from Okawaru
 13160 | Lair:2   | Reached XP level 13. HP: 84/84 MP: 17/17
 13816 | Lair:3   | Found a hole to the Spider Nest.
 13903 | Lair:3   | Found a frozen archway.
 13924 | IceCv    | Entered an ice cave
 14249 | IceCv    | Noticed an ice dragon
 14252 | IceCv    | Noticed an ice dragon
 14256 | IceCv    | Killed an ice dragon
 14265 | IceCv    | Killed an ice dragon
 15418 | Lair:4   | Found a staircase to the Swamp.
 15481 | Lair:4   | Noticed Urug
 15491 | Lair:4   | Killed Urug
 15491 | Lair:4   | Received a gift from Okawaru
 15660 | Lair:4   | Slain by a catoblepas

Skill      XL: |  1  2  3  4  5  6  7  8  9 10 11 12 13 |
---------------+----------------------------------------+-----
Dodging        | 1 |  1.0
Maces & Flails | 3 4 5 6 8 9 10 11 | 11.0
Armour         | 4 5 6 7 9 10 11 12 | 12.5
Shields        | 4 5 6 8 9 10 11 12 | 12.1
Fighting       | 4 5 6 7 8 10 11 12 | 12.0
Evocations     | 1 2 3 4 5 6 |  6.5
Stealth        | |  0.2

Action                   |  1- 3 |  4- 6 |  7- 9 | 10-12 | 13-15 || total
-------------------------+-------+-------+-------+-------+-------++-------
Melee: Flail             |   123 |   276 |   482 |   256 |       ||  1137
       Morningstar       |       |       |       |   568 |     8 ||   576
       Mace              |       |       |       |   296 |   289 ||   585
 Abil: Evoke Flight      |       |       |       |       |     1 ||     1
  Use: Scroll            |     5 |     2 |     4 |     7 |     1 ||    19
       Potion            |     2 |     4 |     7 |     8 |     2 ||    23
 Stab: Petrified         |       |       |       |       |     6 ||     6
       Petrifying        |       |       |       |       |     1 ||     1
  Eat: Chunk             |     1 |     7 |     8 |    32 |     9 ||    57
       Royal jelly       |       |       |       |     1 |       ||     1
Armor: Scale mail        |    82 |   148 |       |       |       ||   230
       Chain mail        |       |    13 |   358 |   187 |       ||   558
       Plate armour      |       |       |       |   664 |   226 ||   890
Dodge: Dodged            |    52 |    92 |   148 |   253 |    87 ||   632
Block: Shield            |    87 |   163 |   300 |   682 |   234 ||  1466
       Reflection        |       |       |       |       |     2 ||     2
